BSA
ORLANDO CALRISSIAN @ NIAGARA FALLS FRENZY
08/09/2024
 
TOP OF THE 1ST
Orlando Calrissian batting - Pitching for Niagara Falls Frenzy : RHP Tom Moore
Pitching: RHP Tom Moore
Batting: LHB Bryan Foster 0-0: Swinging Strike
0-1: Ball
1-1: Ball
2-1: Ball
3-1: DOUBLE (Groundball, 5L)
Batting: RHB Dave Mullen 0-0: Foul Ball, location: 2F
0-1: Called Strike
0-2: Ball
1-2: Ball
2-2: Ball
3-2: Foul Ball, location: 2F
3-2: Foul Ball, location: 2F
3-2: Strikes out looking
Batting: RHB Rich Anderson 0-0: Ball
1-0: SINGLE (Line Drive, 78S)
Bryan Foster to third
Runner from 3rd tries for Home, SAFE, throw made home
Rich Anderson to second
Batting: LHB Santiago Márquez 0-0: Called Strike
0-1: Ball
1-1: Foul Ball, location: 2F
1-2: Strikes out swinging
Batting: LHB Danny Allen 0-0: Foul Ball, location: 2F
0-1: Swinging Strike
0-2: Ball
1-2: Ball
2-2: Ground out 4-3 (Groundball, 4)
Top of the 1st over - 1 run(s), 2 hit(s), 0 error(s), 1 left on base; Orlando 1 - Niagara Falls 0
BOTTOM OF THE 1ST
Niagara Falls Frenzy batting - Pitching for Orlando Calrissian : RHP Reagan Wear
Pitching: RHP Reagan Wear
Batting: LHB Clyde Yarbrough 0-0: Foul Ball, location: 2F
0-1: Foul Ball, location: 2F
0-2: Ball
1-2: Strikes out swinging
Batting: RHB Juan Carlos Rodríguez 0-0: Ball
1-0: Called Strike
1-1: Foul Ball, location: 2F
1-2: Ball
2-2: Foul Ball, location: 2F
2-2: Ground out 6-3 (Groundball, 6)
Batting: LHB Dante Owens 0-0: Swinging Strike
0-1: Called Strike
0-2: Foul Ball, location: 2F
0-2: Ball
1-2: Fly out, F6 (Line Drive, 6)
Bottom of the 1st over - 0 run(s), 0 hit(s), 0 error(s), 0 left on base; Orlando 1 - Niagara Falls 0
TOP OF THE 2ND
Orlando Calrissian batting - Pitching for Niagara Falls Frenzy : RHP Tom Moore
Batting: RHB Jesús Maes 0-0: Called Strike
0-1: Swinging Strike
0-2: Strikes out swinging
Batting: LHB Rubén Díaz 0-0: Called Strike
0-1: Fly out, F6 (Popup, 6MS)
Batting: LHB Tom Mullins 0-0: Foul Ball, location: 2F
0-1: Ground out 4-3 (Groundball, 4)
Top of the 2nd over - 0 run(s), 0 hit(s), 0 error(s), 0 left on base; Orlando 1 - Niagara Falls 0
BOTTOM OF THE 2ND
Niagara Falls Frenzy batting - Pitching for Orlando Calrissian : RHP Reagan Wear
Batting: LHB Donovan Bird 0-0: Foul Ball, location: 2F
0-1: Foul Ball, location: 2F
0-2: Ball
1-2: Ball
2-2: Strikes out swinging
Batting: SHB Shumei Yokoyama 0-0: Ball
1-0: Swinging Strike
1-1: Foul Ball, location: 2F
1-2: Ball
2-2: Ball
3-2: Fly out, F4 (Line Drive, 4)
Batting: RHB Lawrence Schroeder 0-0: Ball
1-0: Ball
2-0: Foul Ball, location: 2F
2-1: Ball
3-1: Called Strike
3-2: Base on Balls
Batting: LHB Seung-woo Yi 0-0: Ball
1-0: SINGLE (Line Drive, 6M)
Lawrence Schroeder to second
Batting: RHB Ángel Hinojosa 0-0: Ball
1-0: Swinging Strike
1-1: Foul Ball, location: 2F
1-2: Ball
2-2: Strikes out swinging
Bottom of the 2nd over - 0 run(s), 1 hit(s), 0 error(s), 2 left on base; Orlando 1 - Niagara Falls 0
TOP OF THE 3RD
Orlando Calrissian batting - Pitching for Niagara Falls Frenzy : RHP Tom Moore
Batting: RHB Eugene Gill 0-0: Called Strike
0-1: Ball
1-1: Ball
2-1: Foul Ball, location: 2F
2-2: Strikes out swinging
Batting: LHB Bryan Foster 0-0: Foul Ball, location: 2F
0-1: SINGLE (Groundball, 34D)
Batting: RHB Dave Mullen 0-0: Swinging Strike
0-1: Ball
1-1: Foul Ball, location: 2F
1-2: Foul Ball, location: 2F
1-2: Strikes out swinging
Batting: RHB Rich Anderson 0-0: Fly out, F9 (Flyball, 89D)
Top of the 3rd over - 0 run(s), 1 hit(s), 0 error(s), 1 left on base; Orlando 1 - Niagara Falls 0
BOTTOM OF THE 3RD
Niagara Falls Frenzy batting - Pitching for Orlando Calrissian : RHP Reagan Wear
Batting: RHB Cordell Gibson 0-0: Called Strike
0-1: Foul Ball, location: 2F
0-2: Ball
1-2: Ball
2-2: Ball
3-2: Foul Ball, location: 2F
3-2: Ground out 4-3 (Groundball, 4M)
Batting: LHB Clyde Yarbrough 0-0: Foul Ball, location: 2F
0-1: Ball
1-1: Ball
2-1: Foul Ball, location: 2F
2-2: Foul Ball, location: 2F
2-2: Strikes out swinging
Batting: RHB Juan Carlos Rodríguez 0-0: Foul Ball, location: 2F
0-1: Ball
1-1: Ball
2-1: Called Strike
2-2: Ground out 5-3 (Groundball, 5)
Bottom of the 3rd over - 0 run(s), 0 hit(s), 0 error(s), 0 left on base; Orlando 1 - Niagara Falls 0
TOP OF THE 4TH
Orlando Calrissian batting - Pitching for Niagara Falls Frenzy : RHP Tom Moore
Batting: LHB Santiago Márquez 0-0: Ball
1-0: Called Strike
1-1: Swinging Strike
1-2: Ball
2-2: Ball
3-2: Base on Balls
Batting: LHB Danny Allen 0-0: Ball
1-0: Ball
2-0: SINGLE (Groundball, 34)
Santiago Márquez to second
Runner from 2nd tries for 3rd, SAFE, throw made to third
Batting: RHB Jesús Maes 0-0: Called Strike
0-1: Ball
1-1: SINGLE (Groundball, 34D)
Santiago Márquez scores
Danny Allen to second
Runner from 2nd tries for 3rd, SAFE, no throw or cutoff
Batting: LHB Rubén Díaz 0-0: Ball
1-0: Ball
2-0: Fly out, F4 (Popup, 4D)
Batting: LHB Tom Mullins 0-0: Ball
1-0: Called Strike
1-1: Foul Ball, location: 2F
Single, Error in OF, E9, batter to second base
Danny Allen scores
Jesús Maes to third
Batting: RHB Eugene Gill 0-0: Swinging Strike
0-1: Ball
1-1: DOUBLE (Groundball, 5L)
Jesús Maes scores
Tom Mullins scores
Batting: LHB Bryan Foster 0-0: Foul Ball, location: 2F
0-1: Ball
1-1: DOUBLE (Groundball, 3L)
Eugene Gill scores
Batting: RHB Dave Mullen 0-0: DOUBLE (Flyball, 78XD)
Bryan Foster scores
Pitching: RHP Cipriano Montáñez
Batting: RHB Rich Anderson 0-0: Ball
1-0: Ground out 5-3 (Groundball, 5L)
Batting: LHB Santiago Márquez 0-0: Ball
1-0: Foul Ball, location: 2F
1-1: Ball
2-1: Reached on error, E3 (Groundball, 3S)
Dave Mullen to third
Batting: LHB Danny Allen 0-0: Swinging Strike
0-1: Ball
1-1: Fly out, F9 (Flyball, 9M)
Top of the 4th over - 6 run(s), 6 hit(s), 2 error(s), 2 left on base; Orlando 7 - Niagara Falls 0
BOTTOM OF THE 4TH
Niagara Falls Frenzy batting - Pitching for Orlando Calrissian : RHP Reagan Wear
Batting: LHB Dante Owens 0-0: Swinging Strike
0-1: Swinging Strike
0-2: Ball
1-2: Fly out, F7 (Flyball, 7D)
Batting: LHB Donovan Bird 0-0: Called Strike
0-1: Swinging Strike
0-2: Ball
1-2: Foul Ball, location: 2F
1-2: Strikes out swinging
Batting: SHB Shumei Yokoyama 0-0: Ball
1-0: Ground out 6-3 (Groundball, 6)
Bottom of the 4th over - 0 run(s), 0 hit(s), 0 error(s), 0 left on base; Orlando 7 - Niagara Falls 0
TOP OF THE 5TH
Orlando Calrissian batting - Pitching for Niagara Falls Frenzy : RHP Cipriano Montáñez
Batting: RHB Jesús Maes 0-0: Ball
1-0: Swinging Strike
1-1: Ball
2-1: Ball
3-1: Ground out 4-3 (Groundball, 4)
Batting: LHB Rubén Díaz 0-0: Ground out 5-3 (Groundball, 56)
Batting: LHB Tom Mullins 0-0: Foul Ball, location: 2F
0-1: Ground out 6-3 (Groundball, 6M)
Top of the 5th over - 0 run(s), 0 hit(s), 0 error(s), 0 left on base; Orlando 7 - Niagara Falls 0
BOTTOM OF THE 5TH
Niagara Falls Frenzy batting - Pitching for Orlando Calrissian : RHP Reagan Wear
Batting: RHB Lawrence Schroeder 0-0: Foul Ball, location: 2F
0-1: Swinging Strike
0-2: Foul Ball, location: 2F
0-2: Ball
1-2: Strikes out swinging
Batting: LHB Seung-woo Yi 0-0: Called Strike
0-1: Foul Ball, location: 2F
0-2: Ball
1-2: Strikes out swinging
Batting: RHB Ángel Hinojosa 0-0: Called Strike
0-1: Swinging Strike
0-2: Ball
1-2: Fly out, F6 (Popup, 6D)
Bottom of the 5th over - 0 run(s), 0 hit(s), 0 error(s), 0 left on base; Orlando 7 - Niagara Falls 0
TOP OF THE 6TH
Orlando Calrissian batting - Pitching for Niagara Falls Frenzy : RHP Cipriano Montáñez
Batting: RHB Eugene Gill 0-0: Reached on error, E6 (Groundball, 6)
Batting: LHB Bryan Foster 0-0: Ball
1-0: Ball
2-0: Foul Ball, location: 2F
2-1: Foul Ball, location: 2F
2-2: Strikes out swinging
Batting: RHB Dave Mullen 0-0: Foul Ball, location: 2F
0-1: Ground out 4-3 (Groundball, 4)
Eugene Gill to third
Batting: RHB Rich Anderson 0-0: Swinging Strike
0-1: Ball
1-1: Fly out, F8 (Flyball, 8LM)
Top of the 6th over - 0 run(s), 0 hit(s), 1 error(s), 1 left on base; Orlando 7 - Niagara Falls 0
BOTTOM OF THE 6TH
Niagara Falls Frenzy batting - Pitching for Orlando Calrissian : RHP Reagan Wear
Batting: RHB Cordell Gibson 0-0: Ball
1-0: Ball
2-0: Foul Ball, location: 2F
2-1: Ground out 6-3 (Groundball, 6)
Batting: LHB Clyde Yarbrough 0-0: Ball
1-0: Ground out 4-3 (Groundball, 4)
Batting: RHB Juan Carlos Rodríguez 0-0: Ground out 6-3 (Groundball, 56)
Bottom of the 6th over - 0 run(s), 0 hit(s), 0 error(s), 0 left on base; Orlando 7 - Niagara Falls 0
TOP OF THE 7TH
Orlando Calrissian batting - Pitching for Niagara Falls Frenzy : RHP Cipriano Montáñez
Pitching: RHP Ángel Francisco
Batting: LHB Santiago Márquez 0-0: Called Strike
0-1: Swinging Strike
0-2: Ball
1-2: Foul Ball, location: 2F
1-2: SINGLE (Line Drive, 6MD)
Batting: LHB Danny Allen 0-0: Foul Ball, location: 2F
0-1: Fly out, F7 (Line Drive, 78S)
Batting: RHB Jesús Maes 0-0: Ball
1-0: Called Strike
1-1: Foul Ball, location: 2F
1-2: Strikes out swinging
Batting: LHB Rubén Díaz 0-0: Ball
1-0: Foul Ball, location: 2F
1-1: Fielders Choice at 2nd, U4 (Groundball, 4M)
Top of the 7th over - 0 run(s), 1 hit(s), 0 error(s), 1 left on base; Orlando 7 - Niagara Falls 0
BOTTOM OF THE 7TH
Niagara Falls Frenzy batting - Pitching for Orlando Calrissian : RHP Reagan Wear
Batting: LHB Dante Owens 0-0: SINGLE (Line Drive, 6MD)
Batting: LHB Donovan Bird 0-0: Called Strike
0-1: Foul Ball, location: 2F
0-2: Foul Ball, location: 2F
0-2: Ball
1-2: Foul Ball, location: 2F
1-2: Ball
2-2: Foul Ball, location: 2F
2-2: Ball
3-2: SINGLE (Line Drive, 4D)
Dante Owens to second
Runner from 2nd tries for 3rd, SAFE, no throw or cutoff
Batting: SHB Shumei Yokoyama 0-0: Ball
1-0: Called Strike
1-1: Ball
2-1: Called Strike
2-2: Ball
3-2: Foul Ball, location: 2F
3-2: Base on Balls
Donovan Bird to second
Batting: RHB Lawrence Schroeder 0-0: Ball
1-0: Swinging Strike
1-1: Swinging Strike
1-2: Strikes out swinging
Batting: LHB Seung-woo Yi 0-0: Ball
1-0: Foul Ball, location: 2F
1-1: Ball
2-1: Foul Ball, location: 2F
2-2: Ball
Wild Pitch!
Dante Owens scores
Donovan Bird to third
Shumei Yokoyama to second
3-2: Base on Balls
Pitching: RHP Josh Graham
Batting: RHB Ángel Hinojosa 0-0: Ball
1-0: Ball
2-0: Foul Ball, location: 2F
2-1: Fly out, F6 (Popup, 56D)
Batting: RHB Cordell Gibson 0-0: Foul Ball, location: 2F
0-1: DOUBLE (Flyball, 9LD)
Donovan Bird scores
Shumei Yokoyama scores
Seung-woo Yi to third
Runner from 3rd tries for Home, SAFE, no throw or cutoff
Batting: LHB Clyde Yarbrough 0-0: Ball
1-0: Ball
2-0: Swinging Strike
2-1: Ball
3-1: Called Strike
3-2: Fly out, F3 (Popup, 3F)
Bottom of the 7th over - 4 run(s), 3 hit(s), 0 error(s), 1 left on base; Orlando 7 - Niagara Falls 4
TOP OF THE 8TH
Orlando Calrissian batting - Pitching for Niagara Falls Frenzy : RHP Ángel Francisco
Batting: LHB Tom Mullins 0-0: Ground out 4-3 (Groundball, 4M)
Batting: RHB Eugene Gill 0-0: Ball
1-0: Ground out 2-3 (Groundball, 23)
Batting: LHB Bryan Foster 0-0: Foul Ball, location: 2F
0-1: Called Strike
0-2: Ball
1-2: Strikes out swinging
Top of the 8th over - 0 run(s), 0 hit(s), 0 error(s), 0 left on base; Orlando 7 - Niagara Falls 4
BOTTOM OF THE 8TH
Niagara Falls Frenzy batting - Pitching for Orlando Calrissian : RHP Josh Graham
Batting: RHB Juan Carlos Rodríguez 0-0: Fly out, F3 (Popup, 3)
Batting: LHB Dante Owens 0-0: DOUBLE (Line Drive, 7LD)
Pitching: RHP Tony Rocha
Batting: LHB Donovan Bird 0-0: Called Strike
0-1: Ball
1-1: Called Strike
1-2: Strikes out swinging
Pitching: LHP Mark Murchison
Batting: SHB Shumei Yokoyama 0-0: Ball
1-0: Called Strike
1-1: Swinging Strike
1-2: Strikes out swinging
Bottom of the 8th over - 0 run(s), 1 hit(s), 0 error(s), 1 left on base; Orlando 7 - Niagara Falls 4
TOP OF THE 9TH
Orlando Calrissian batting - Pitching for Niagara Falls Frenzy : RHP Ángel Francisco
Pitching: RHP Esteban Juárez
Batting: RHB Dave Mullen 0-0: Ground out 4-3 (Groundball, 34)
Batting: RHB Rich Anderson 0-0: Ball
1-0: Foul Ball, location: 2F
1-1: Ball
2-1: Ball
3-1: DOUBLE (Flyball, 9LD)
Batting: LHB Santiago Márquez 0-0: Intentional Walk
Batting: LHB Danny Allen 0-0: Called Strike
0-1: Foul Ball, location: 2F
0-2: Foul Ball, location: 2F
0-2: Ball
1-2: Foul Ball, location: 2F
1-2: Fly out, F9 (Popup, 89S)
Batting: RHB Jesús Maes 0-0: Called Strike
0-1: Ground out 3-1 (Groundball, 34)
Top of the 9th over - 0 run(s), 1 hit(s), 0 error(s), 2 left on base; Orlando 7 - Niagara Falls 4
BOTTOM OF THE 9TH
Niagara Falls Frenzy batting - Pitching for Orlando Calrissian : LHP Mark Murchison
Pitching: RHP Paco Gutiérrez
Batting: RHB Lawrence Schroeder 0-0: Ball
1-0: Called Strike
1-1: Foul Ball, location: 2F
1-2: Strikes out swinging
Batting: LHB Seung-woo Yi 0-0: Foul Ball, location: 2F
0-1: Ball
1-1: Ground out 4-3 (Groundball, 4M)
Batting: RHB Ángel Hinojosa 0-0: Ball
1-0: Swinging Strike
1-1: Ball
2-1: Called Strike
2-2: Strikes out swinging
Bottom of the 9th over - 0 run(s), 0 hit(s), 0 error(s), 0 left on base; Orlando 7 - Niagara Falls 4
This league is powered by Out of the Park Baseball, the baseball management simulation game for PC, Mac and Linux
Saturday, April 9th, 2016 - OOTP Baseball 16.8 Build 38